 Dungeon Crawl Stone Soup version 0.31-a0-369-g8eba5f6939 (webtiles) character file.

Game seed: 11038524214580228326

3 shadowstone the Conjurer (level 1, -1/12 HPs)
             Began as a Gargoyle Reaver on July 28, 2023.
             Slain by a rat (3 damage)
             ... on level 1 of the Dungeon.
             The game lasted 00:00:34 (144 turns).

shadowstone the Conjurer (Gargoyle Reaver)           Turns: 144, Time: 00:00:34

Health: -1/12      AC:  5    Str: 15    XL:     1   Next: 50%
Magic:  3/3        EV: 11    Int: 13    God:
Gold:   10         SH:  0    Dex:  8    Spells: 3/4 levels left

rFire   . . .        d - +0 short sword
rCold   . . .        (no shield)
rNeg    + . .        a - +0 leather armour
rPois   ∞            (no helmet)
rElec   +            (no cloak)
rCorr   .            (no gloves)
SInv    .            (no boots)
Will    .....        (no amulet)
Stlth   +            (no ring)
HPRegen 0.22/turn    (no ring)
MPRegen 0.08/turn

%: no passive effects
@: no status effects
A: sickness immunity, AC +2, negative energy resistance 1, electricity
resistance, torment resistance 1, petrification resistance
a: no special abilities


You were on level 1 of the Dungeon.
You visited 1 branch of the dungeon, and saw 1 of its levels.

You collected 10 gold pieces.

Inventory:

Hand Weapons
 d - a +0 short sword (weapon)
Armour
 a - a +0 leather armour (worn)
Scrolls
 b - a scroll of fear {unknown}
 c - a scroll of enchant armour {unknown}


   Skills:
 + Level 2.1 Fighting
 + Level 1.5 Dodging
 + Level 3.1 Unarmed Combat
 + Level 2.0 Spellcasting
 + Level 3.4 Conjurations


You had 3 spell levels left.
You knew the following spells:

 Your Spells              Type           Power      Damage    Failure   Level
a - Kiss of Death         Conj/Necr      20%        2d7       16%         1

Your spell library contained the following spells:

 Spells                   Type           Power      Damage    Failure   Level
 Momentum Strike          Conj/Tloc      10%        3d8       24%         2
 Hailstorm                Conj/Ice       5%         3d4       43%         3


Dungeon Overview and Level Annotations

Branches:
Dungeon (1/15)

Altars:


Innate Abilities, Weirdness & Mutations

You are immune to sickness and miasma.
Your stone body is resilient. (AC +2)
You are immune to poison.
You resist negative energy. (rN+)
You are resistant to electric shocks. (rElec)
You are resistant to unholy torment.
You are immune to petrification.


Message History

The kobold barely misses you.
You closely miss the kobold.
The kobold is heavily wounded.
The kobold hits you with a +0 dagger.
A rat comes into view.
You hit the kobold.
You kill the kobold!
You see here a +0 dagger.
The hobgoblin closely misses you.
The quokka bites you but does no damage.
A rat comes into view.
The hobgoblin attacks as you move away!
The hobgoblin hits you but does no damage.
Found a stone staircase leading down.
The hobgoblin attacks as you move away! The hobgoblin barely misses you.
The quokka bites you but does no damage.
You hit the quokka but do no damage. The hobgoblin completely misses you.
The rat misses you.
The quokka bites you but does no damage.
You closely miss the quokka. The quokka closely misses you.
The hobgoblin hits you. The rat bites you.
You miss the quokka. The quokka closely misses you.
The hobgoblin barely misses you. The rat bites you.
You hit the quokka but do no damage. The quokka bites you.
The hobgoblin closely misses you. The rat barely misses you.
You hit the quokka but do no damage. The quokka closely misses you.
The rat misses you. x2; The hobgoblin completely misses you.
The quokka closely misses you.
You hit the quokka but do no damage. The hobgoblin hits you.
* * * LOW HITPOINT WARNING * * *
The rat bites you but does no damage. The rat barely misses you.
The quokka misses you.
You barely miss the quokka.
The quokka bites you but does no damage.
The hobgoblin hits you but does no damage.
The rat barely misses you. x2
You miss the quokka.
The quokka bites you but does no damage.
The rat bites you.
You die...

..#.....#.# #.........#
..........# #.|.......#
.........>###..........
.......................
>......)...##.........#
...........##.........#
...........#..........#
......gr..............#
..#...r@.........######
.
###.r........##.....##
#......##.†#..###...
#......##....## ####
.......##...## #
##..###....#... >..
........##.. ....
###...### ## ...#.


You could see a quokka, a hobgoblin and 2 rats.

Vanquished Creatures
  A hobgoblin (D:1)
  A kobold (D:1)
  A frilled lizard (D:1)
3 creatures vanquished.

Notes
Turn   | Place    | Note
-------+----------+-------------------------------------------
     0 | D:1      | shadowstone the Gargoyle Reaver began the quest for the
                  | Orb.
     0 | D:1      | Reached XP level 1. HP: 12/12 MP: 3/3
   144 | D:1      | Slain by a rat

Illustrated notes

Levels and vault maps discovered:
D:1:      lemuel_arrival_muddy, layout_rooms, minmay_octomino_c4

Action                     || total
---------------------------++-------
  Melee: Unarmed           ||    22
         Short sword       ||    11
 Armour: Leather armour    ||    10
  Dodge: Dodged            ||    23

Table legend: (Time is in decaauts)
 A = Elapsed time spent in this place.
 B = Non-inter-level travel time spent in this place.
 C = Inter-level travel time spent in this place.
 D = Time resting spent in this place.
 E = Time spent auto-exploring this place.
 F = Levels seen in this place.
 G = Mean time per level.
                   A        B        C        D        E       F      G
               +--------+--------+--------+--------+--------+-----+--------+
         Total |    146 |    146 |      0 |      0 |     19 |   1 |  146.0 |
       Dungeon |    146 |    146 |      0 |      0 |     19 |   1 |  146.0 |
               +--------+--------+--------+--------+--------+-----+--------+

Top non-repeatable levels by time:
     D:1: 146 daAuts
